 Dungeon Crawl Stone Soup version 0.18.1-6-gd335043 (webtiles) character file.

626207 MikeMike the Minotaur Barricade (level 26, -1/172 HPs)
             Began as a Minotaur Fighter on May 11, 2016.
             Killed by divine providence
             ... invoked by a smoke demon
              (12 damage)
             ... on level 1 of the Depths on May 15, 2016.
             The game lasted 18:14:50 (64484 turns).

MikeMike the Minotaur Barricade (Minotaur Fighter) Turns: 64484, Time: 18:14:51

Health: -1/172     AC: -1    Str: 32    XL:     26   Next: 65%
Magic:  29/29      EV: 33    Int:  3    God:    Xom [..*...]
Gold:   4116       SH:  0    Dex: 26    Spells: 1 memorised, 23 levels left

rFire  . . .     SeeInvis .     (weapon currently unavailable)
rCold  . . .     Gourm    .     (armour currently unavailable)
rNeg   . . .     Faith    .     (shield currently unavailable)
rPois  x         Spirit   .     (helmet currently unavailable)
rElec  +         Dismiss  .     (cloak currently unavailable)
rCorr  .         Reflect  .     (gloves currently unavailable)
SustAt .         Harm     .     (boots currently unavailable)
MR     ++++.     Clarity  +     q - amulet of Kikubaaqudgha's Anger {MR+ Regen+ Str+2}
Stlth  +++.......               l - ring of Yxtasu {rElec Str+2 Slay+5}
                                f - ring of the Gloaming {*Confuse +Blink rElec AC+5 Slay+2}

@: agile, spider-form, corroded, incredibly resistant to hostile enchantments,
fairly stealthy
A: (retaliatory headbutt), (horns 0), repulsion field 1, (iridescent scales 0),
rough black scales 1, agile 2, berserk 1, clarity, (deformed body),
deterioration 1, dopey 1, frail 3, magic resistance 2, mutation resistance 1,
sense surroundings 1, screaming 1, weak 1, subdued magic 1
a: Renounce Religion, Evoke Blink
}: 4/15 runes: serpentine, barnacled, slimy, silver


You were on level 1 of the Depths.
You worshipped Xom.
You were a toy of Xom.
You were hungry.
You were a venomous arachnid creature.
You visited 11 branches of the dungeon, and saw 54 of its levels.
You also visited: Bailey and Ice Cave.

You collected 7992 gold pieces.
You spent 3876 gold pieces at shops.

Inventory:

Hand Weapons
 t - the +3 trident "Vitidueg" (melded) {holy, Dex+3}
   (Xom gifted it to you in an ice cave)

   It has been blessed by the Shining One to cause great damage to the undead
   and demons.
   It affects your dexterity (+3).
 L - a +9 vampiric hand axe
 O - a +6 war axe of draining
Missiles
 g - 38 javelins (quivered)
 C - 32 silver javelins
Armour
 h - a +9 crystal plate armour (melded)
 k - the +3 pair of gauntlets of War (melded) {Slay+5}
   (You found it on level 3 of the Elven Halls)

   It affects your accuracy and damage with ranged weapons and melee attacks
   (+5).
 n - a +0 cloak of magic resistance (melded)
 B - a +0 large shield (melded)
 M - a +1 pair of boots of running (melded)
 P - the -2 hat of the Alchemist (melded) {rElec rPois rF+ rC+ rN+ MR+ rMut rCorr}
   (You found it on level 6 of the Pits of Slime)

   It protects you from fire.
   It protects you from cold.
   It insulates you from electricity.
   It protects you from poison.
   It protects you from negative energy.
   It affects your resistance to hostile enchantments.
   It protects you from acid and corrosion.
   It protects you from mutation.
Jewellery
 f - the ring of the Gloaming (left front leg) {*Confuse +Blink rElec AC+5 Slay+2}
   (You found it on level 3 of the Vaults)

   [ring of protection]

   It affects your AC (+5).
   It affects your accuracy and damage with ranged weapons and melee attacks
   (+2).
   It insulates you from electricity.
   It lets you blink.
   It may confuse you when you take damage.
 j - the amulet "Gaddumoe" {Reflect rElec rF+ rC+ rN+ SH+4}
   (You bought it in a shop on level 10 of the Dungeon)

   [amulet of reflection]

   It shields you and reflects attacks.
   It protects you from fire.
   It protects you from cold.
   It insulates you from electricity.
   It protects you from negative energy.
   It affects your SH (+4).
 l - the ring of Yxtasu (right front leg) {rElec Str+2 Slay+5}
   (You found it on level 6 of the Dungeon)

   [ring of slaying]

   It affects your strength (+2).
   It affects your accuracy and damage with ranged weapons and melee attacks
   (+5).
   It insulates you from electricity.
 q - the amulet of Kikubaaqudgha's Anger (around neck) {MR+ Regen+ Str+2}
   (You found it on level 4 of the Shoals)

   [amulet of regeneration]

   It affects your strength (+2).
   It affects your resistance to hostile enchantments.
   It increases your rate of regeneration.
Wands
 J - a wand of iceblast (8/15)
 U - a wand of digging (13/24)
Scrolls
 i - 15 scrolls of remove curse
 m - a scroll of holy word
 s - 31 scrolls of teleportation
 y - 2 scrolls of summoning
 D - 2 scrolls of silence
 F - 5 scrolls of fog
 K - 5 scrolls of magic mapping
 R - 4 scrolls of identify
Potions
 a - 2 potions of invisibility
 d - 6 potions of might
 e - 7 potions of flight
 p - 10 potions of ambrosia
 r - a potion of resistance
 v - 13 potions of curing
 w - a potion of cancellation
 G - 5 potions of agility
 S - 6 potions of haste
Books
 E - a book of the Warp

   Spells                             Type                      Level
   a - Recall                         Summoning/Translocation      3
   b - Gell's Gravitas                Hexes/Translocation          3
   c - Force Lance                    Conjuration/Translocation    4
   d - Warp Weapon                    Charms/Translocation         5
   e - Summon Forest                  Summoning/Translocation      5
Miscellaneous
 b - a disc of storms
 A - a box of beasts {used: 2}
 I - a lamp of fire
 N - 2 phantom mirrors
 Q - a fan of gales
 T - a phial of floods
 X - a stone of tremors (inert)
 Z - a legendary deck of summoning {drawn: 3}
Comestibles
 c - a bread ration
 o - 25 meat rations
 u - 41 fruits


   Skills:
 * Level 21.8 Fighting
   Level 1.9 Long Blades
 O Level 27 Axes
   Level 1.2(18.7) Maces & Flails
 * Level 1.9(18.8) Polearms
   Level 2.3 Crossbows
 * Level 15.5 Throwing
 * Level 21.0 Armour
 - Level 5.0 Dodging
 O Level 27 Shields
 + Level 0.6 Spellcasting
 + Level 0.1 Hexes
 + Level 0.1 Translocations
 * Level 10.3 Evocations


You had 23 spell levels left.
You knew the following spells:

 Your Spells              Type           Power        Failure   Level  Hunger
a - Gell's Gravitas       Hex/Tloc       #.........   99%         3    ####...


Dungeon Overview and Level Annotations

Branches:
Dungeon (15/15)            Temple (1/1) D:4            Lair (8/8) D:11
 Shoals (4/4) Lair:3        Snake (4/4) Lair:6        Slime (6/6) Lair:6
    Orc (2/2) D:9             Elf (3/3) Orc:2        Vaults (5/5) D:13
  Crypt (0/3) Vaults:2     Depths (5/5) D:15           Hell (1/1)
    Zot (0/5) Depths:5
    Dis: Hell:1         Geh: Hell:1         Coc: Hell:1         Tar: Hell:1

Altars:
Ashenzari
Cheibriados
Dithmenos
Elyvilon
Fedhas
Gozag
Kikubaaqudgha
Makhleb
Nemelex Xobeh
Okawaru
Pakellas
Qazlal
Ru
Sif Muna
Trog
Vehumet
Xom
Yredelemnul
Zin
The Shining One
Jiyva

Shops:
D:10 [??=   Orc:2 ?[%*   Elf:1 [   Vaults:5 [

Portals:
Hell: Depths:1* Depths:2 Depths:3 Depths:4* Depths:5
Abyss: Depths:4
Pandemonium: Depths:1 Depths:2 Depths:3 Depths:4
Ziggurat: Depths:1

Annotations:
Hell Geryon


Innate Abilities, Weirdness & Mutations

((You reflexively headbutt those who attack you in melee.))
((You have a pair of horns on your head.))
You are surrounded by a mild repulsion field (EV +2).
((You are partially covered in iridescent scales (AC +4).))
(You are partially covered in rough black scales (AC +4, Dex -1).)
You are very agile. (Dex +4)
You tend to lose your temper in combat.
You possess an exceptional clarity of mind.
((Armour fits poorly on your strangely shaped body.))
Your body sometimes deteriorates upon taking damage.
You are dopey. (Int -2)
You are extremely frail (-30% HP).
You are highly resistant to hostile enchantments.
You are somewhat resistant to further mutation.
You passively map a small area around you.
You occasionally shout uncontrollably at your foes.
You are weak. (Str -2)
Your spells are a little easier to cast, but a little less powerful.


Message History

Your +1 pair of boots of running melds into your body.
Your +0 large shield melds into your body.
Your +9 crystal plate armour melds into your body.
The +3 trident "Vitidueg" {holy, Dex+3} stops glowing.
You feel less resistant to hostile enchantments.
You feel rather sluggish. The hell hog misses you.
The smoke demon completely misses you. x3
The iron dragon completely misses you. The iron dragon barely misses you.
The iron dragon tramples you.
* * * LOW HITPOINT WARNING * * *
You stumble backwards!
Read which item? (? for menu, Esc to quit)
Okay, then.
Drink which item? (? for menu, Esc to quit)
You feel agile all of a sudden. The hell hog misses you.
The smoke demon gestures at you. Something smites you!
You die...
Xom guffaws!

.#.......##........###..........#
....§....#..#####..##....##......
.§§§≈........##..................
.≈≈≈§§.§.....####.##.............
#...≈.§.....####....#.(..........
#.......§..#####..............#..
##......§...##.#..............#..
...............)Dh..#.≈..........
.........##.....s3..#..≈≈........
........(..#...........≈≈........
#..........#............≈≈.......
##.................)..§§.........
#........≈........#...§≈.........
.......#.≈≈......###..§..........
..........≈......#....)..........
#.###..(†≈§≈.....................
#.#####.(≈≈≈.......##............


You could see an iron dragon, a hell hog and a smoke demon.

Vanquished Creatures
  the Royal Jelly (Slime:6)
  2 juggernauts (Depths:4)
  Boris (Vaults:2)
  A shard shrike (shapeshifter) (Depths:4)
  Saint Roka (Elf:2)
  6 golden dragons
  Nikola (Shoals:1)
  A bone dragon (Depths:5)
  An iron giant (Depths:4)
  6 tentacled monstrosities
  3 liches
  A kraken (Shoals:3)
  8 titans
  3 deep elf blademasters
  A quicksilver dragon (Vaults:5)
  27 acid blobs
  4 caustic shrikes (Depths:4)
  Agnes (Elf:1)
  6 sphinxes
  7 tengu reavers
  8 storm dragons
  6 shadow dragons
  Roxanne (Elf:1)
  12 azure jellies
  13 fire giants
  8 greater nagas (Snake:4)
  16 frost giants
  Donald (Snake:3)
  14 vault wardens
  Ilsuiw (Shoals:4)
  A fire giant (shapeshifter) (Vaults:5)
  3 iron dragons
  Maud (Orc:2)
  Aizul (Snake:2)
  A cacodemon (Depths:3)
  A draconian zealot (Depths:5)
  12 deep elf sorcerers
  3 ghouls (D:14)
  7 deep elf elementalists
  The ghost of jedvagenij the Cleaver, a journeyman DDFi of Makhleb (Lair:8)
  2 spriggan defenders (Depths:4)
  2 juggernaut skeletons (Depths:3)
  15 ironheart preservers
  A reaper (Depths:1)
  5 war gargoyles
  21 stone giants
  16 very ugly things
  A draconian caller (Depths:5)
  A salamander stormcaller (Vaults:5)
  4 vampire knights
  7 deep elf demonologists
  A lorocyproca (Hell)
  A dire elephant (Slime:6)
  3 black draconians (Depths:5)
  2 white draconians (Depths:5)
  13 deep elf annihilators
  5 spark wasps
  12 ettins
  A purple draconian (Depths:5)
  9 merfolk javelineers
  9 deep elf death magi
  9 fire dragons
  6 death oozes
  32 vault guards
  16 merfolk impalers
  3 crystal guardians
  7 deep elf high priests
  A green death (Depths:1)
  Josephine (D:11)
  The ghost of gitgud34 the Grappler, a journeyman TrMo of Ru (Lair:3)
  13 yaktaur captains
  6 entropy weavers
  10 ice dragons
  16 naga warriors
  12 great orbs of eyes
  2 spriggan air magi
  The ghost of jesusflecha the Skirmisher, a journeyman DsGl of Okawaru (Orc:2)
  A rakshasa (Depths:4)
  3 death knights
  A juggernaut simulacrum (Depths:1)
  Erica (D:12)
  8 hydras
  Erolcha (D:8)
  3 merfolk aquamancers
  7 anacondas
  10 centaur warriors
  4 death yaks (Lair:6)
  A queen ant (Depths:4)
  25 dancing weapons
  6 merfolk avatars
  An alligator snapping turtle (Shoals:4)
  8 ogre magi
  7 deep troll earth magi
  A shock serpent (shapeshifter) (Depths:4)
  5 hell hogs
  2 orc high priests (Orc:2)
  A tengu warrior (Depths:4)
  6 naga sharpshooters
  6 shock serpents
  7 hell knights
  3 spriggan berserkers
  2 vampire magi (Depths:4)
  9 deep troll shamans
  2 sun demons
  29 deep elf knights
  5 shadow wraiths
  5 skeletal warriors (D:14)
  A fire crab (Vaults:1)
  3 iron trolls
  23 sea snakes
  3 salamander mystics
  A kraken simulacrum (Shoals:4)
  5 naga ritualists
  3 unseen horrors
  4 giant orange brains
  2 flayed ghosts
  23 deep trolls
  8 deep elf archers
  A torturous demonspawn (Depths:3)
  6 phantasmal warriors
  8 necromancers
  30 harpies
  14 ironbrand convokers
  13 orc knights
  6 hill giants
  A fire giant zombie (Depths:3)
  50 ugly things
  3 orc sorcerers (Orc:2)
  A faun (shapeshifter) (Vaults:5)
  6 wizards
  A wolf spider (shapeshifter) (Depths:5)
  66 deep elf magi
  10 mana vipers
  13 griffons
  9 manticores
  3 fauns (Shoals:2)
  A hornet (Vaults:1)
  9 salamanders
  71 slime creatures
  A sixfirhy (Hell)
  A cyclops (shapeshifter) (Vaults:5)
  3 cyclopes
  A moth of wrath (Elf:2)
  8 shining eyes
  10 elephants
  15 naga magi
  An ice statue (IceCv)
  An octopode (shapeshifter) (Depths:4)
  7 rust devils
  10 sirens
  2 black mambas (shapeshifter)
  31 black mambas
  6 water nymphs
  9 centaur zombies
  5 spiny frogs
  Maurice (D:10)
  3 smoke demons
  7 guardian serpents
  9 vault sentinels
  A water nymph (shapeshifter) (Vaults:5)
  2 eyes of devastation
  An orange demon (Depths:2)
  A gargoyle (D:13)
  5 centaur skeletons
  39 yaktaurs
  21 freezing wraiths
  An anaconda simulacrum (Hell)
  4 rime drakes
  4 kobold demonologists
  A tormentor (Hell)
  5 wolf spiders
  An efreet (D:13)
  4 komodo dragons
  A yaktaur (shapeshifter) (Depths:2)
  A hellwing (Depths:3)
  8 ice devils
  A spriggan druid (Lair:8)
  A jumping spider (shapeshifter) (Depths:4)
  A tengu conjurer (Depths:5)
  5 trolls
  4 red devils
  3 jumping spiders
  A hydra zombie (Hell)
  4 small abominations
  12 two-headed ogres
  A merfolk (shapeshifter) (D:15)
  30 merfolk
  2 wind drakes
  2 wind drakes (shapeshifter)
  6 polar bears
  A queen bee (Depths:4)
  A wolf spider simulacrum (IceCv)
  A hydra skeleton (Hell)
  4 boulder beetles
  A blink frog (shapeshifter) (Elf:3)
  A frost giant simulacrum (Depths:1)
  2 hornet zombies (D:15)
  11 snapping turtles
  14 blink frogs
  13 redbacks
  2 air elementals
  A tarantella (Depths:4)
  18 spriggans
  33 water elementals
  A fire bat (Lair:6)
  5 wraiths
  2 humans (shapeshifter)
  5 fire elementals
  A wyvern (D:10)
  A basilisk (Lair:6)
  59 yaks
  18 humans (D:13)
  10 golden eyes
  A golden eye (shapeshifter) (Depths:3)
  A basilisk (shapeshifter) (Vaults:4)
  9 hippogriffs
  Grum (D:10)
  2 human simulacra
  A hungry ghost (D:14)
  7 vampire mosquitoes
  Menkaure (D:7)
  A mottled dragon (D:11)
  A swamp worm (Slime:6)
  A spiny frog zombie (Hell)
  2 wargs
  A warg (shapeshifter) (D:15)
  51 nagas
  8 water moccasins
  8 porcupines
  4 giant eyeballs
  7 hell hounds
  7 black bears
  A human skeleton (Depths:3)
  3 sky beasts
  9 ice beasts
  42 orc warriors
  A necrophage (D:11)
  3 phantoms
  7 wasps
  8 eyes of draining
  7 boggarts
  40 wolves
  33 ogres
  25 centaurs
  9 crocodiles
  4 big kobolds
  20 giant frogs
  A wyvern zombie (D:13)
  3 earth elementals
  A wyvern skeleton (D:13)
  4 scorpions
  2 swamp dragon simulacra (IceCv)
  25 killer bees
  10 wights
  5 draconian simulacra (IceCv)
  14 crimson imps
  52 jellies
  18 orc priests
  6 hounds
  31 orc wizards
  5 quasits
  3 giant frog zombies
  8 iron imps
  A giant frog skeleton (D:10)
  10 iguanas
  A tengu simulacrum (Depths:1)
  4 spriggan simulacra (IceCv)
  11 worker ants
  3 troll simulacra (IceCv)
  36 sheep
  A wolf simulacrum (IceCv)
  2 centaur simulacra (IceCv)
  A hound zombie (D:9)
  3 mummies (D:14)
  A worker ant zombie (D:4)
  A howler monkey skeleton (D:11)
  A gnoll (shapeshifter) (Depths:3)
  5 gnolls (D:5)
  57 river rats
  5 adders
  5 naga simulacra (IceCv)
  An ogre simulacrum (IceCv)
  5 shadow imps
  15 white imps
  2 ufetubi (Depths:3)
  An ooze (D:1)
  2 adder zombies
  An adder skeleton (D:7)
  3 worms
  4 dart slugs
  7 giant geckos
  96 orcs
  5 giant cockroaches
  18 goblins
  14 hobgoblins
  9 jackals
  3 quokkas
  3 ball pythons
  8 bats
  3 giant newts
  A jackal skeleton (D:6)
  30 kobolds
  5 rats
  4 crawling corpses
  A fire vortex (Depths:1)
  7 fungi
  6 plants
  5 tentacles
  2 withered plants (D:14)
2460 creatures vanquished.

Vanquished Creatures (collateral kills)
  Mara (Depths:3)
  A sphinx (Depths:2)
  A reaper (Depths:2)
  A very ugly thing (Vaults:5)
  An ironheart preserver (Vaults:4)
  A spark wasp (Depths:3)
  2 vault guards (D:13)
  2 death oozes (Slime:6)
  An ogre mage (Depths:4)
  A shock serpent (Snake:4)
  2 deep elf knights
  A flayed ghost (Depths:2)
  2 deep elf magi (Elf:1)
  A necromancer (D:13)
  An orc sorcerer (Vaults:2)
  A salamander (Snake:4)
  An elephant (Lair:4)
  A vault sentinel (Vaults:3)
  A yaktaur (Vaults:1)
  A freezing wraith (IceCv)
  A merfolk (Shoals:1)
  A blink frog (Lair:4)
  4 slime creatures (Slime:6)
  An air elemental (Depths:4)
  A soldier ant (D:10)
  A water moccasin (Lair:4)
  An orc warrior (Orc:2)
  2 wolves (D:10)
  A crimson imp (D:10)
  An orc priest (Orc:1)
  An orc wizard (Vaults:4)
  4 sheep (Shoals:1)
  2 orcs
  A withered plant (D:14)
46 creatures vanquished.

Vanquished Creatures (others)
  A tentacled monstrosity (Depths:4)
  Asterion (Depths:2)
  3 deep elf master archers (Elf:3)
  A fire giant (Depths:4)
  A very ugly thing (Depths:5)
  A stone giant (Depths:5)
  A fire dragon (Depths:1)
  3 yaktaur captains
  A hydra (D:14)
  A centaur warrior (D:14)
  A satyr (Shoals:2)
  A dancing weapon (Depths:3)
  A hell hog (Depths:3)
  2 naga sharpshooters (Snake:3)
  A shadow wraith (Vaults:3)
  7 deep elf archers
  2 griffons
  A faun (Shoals:2)
  A salamander (Snake:1)
  11 yaktaurs
  A guardian mummy (D:14)
  A slime creature (Depths:4)
  A yak (Lair:1)
  4 orc warriors (Bailey)
  A boggart (Depths:3)
  6 centaurs
  An orc priest (Orc:2)
  A hobgoblin (D:2)
  A kobold (D:3)
  A quokka (D:15)
  A bush (Lair:8)
  A fire vortex (Elf:3)
  9 fungi
  8 plants
  19 tentacles
  566 tentacle segments
  5 withered plants (D:14)
669 creatures vanquished.

Grand Total: 3175 creatures vanquished

Notes
Turn   | Place    | Note
--------------------------------------------------------------
     0 | D:1      | MikeMike the Minotaur Fighter began the quest for the Orb.
     0 | D:1      | Reached XP level 1. HP: 19/19 MP: 0/0
   147 | D:1      | Reached XP level 2. HP: 27/27 MP: 1/1
   380 | D:1      | Found a sparkling altar of Nemelex Xobeh.
   707 | D:2      | Reached XP level 3. HP: 26/33 MP: 2/2
  1288 | D:3      | Found a sacrificial altar of Ru.
  1289 | D:3      | Found a shimmering altar of Xom.
  1299 | D:3      | Became a worshipper of Xom of Bone-Dry Humour
  1462 | D:3      | Reached XP level 4. HP: 39/40 MP: 3/3
  1483 | D:3      | Found a faded altar to an unknown god.
  1901 | D:3      | XOM: potion effect (agility)
  2011 | D:3      | Found a radiant altar of Vehumet.
  2182 | D:4      | Found a staircase to the Ecumenical Temple.
  2298 | D:4      | Reached skill level 5 in Shields
  2298 | D:4      | Reached XP level 5. HP: 44/47 MP: 4/4
  2686 | D:4      | Reached skill level 5 in Armour
  2686 | D:4      | Reached skill level 1 in Dodging
  2744 | Temple   | Entered the Ecumenical Temple
  2892 | D:5      | Entered Level 5 of the Dungeon
  3047 | D:5      | Noticed an ice beast
  3048 | D:5      | XOM: harmless Hex miscast
  3053 | D:5      | XOM: potion effect (berserk rage)
  3054 | D:5      | Reached XP level 6. HP: 42/53 MP: 5/5
  3056 | D:5      | Killed an ice beast
  3305 | D:5      | XOM: butterfly on damage
  3445 | D:5      | XOM: colour smoke trail
  3566 | D:5      | Reached XP level 7. HP: 60/60 MP: 6/6
  3756 | D:5      | XOM: divination: detect items
  3985 | D:5      | Found a bloodstained altar of Trog.
  4045 | D:5      | Found a stormy altar of Qazlal.
  4072 | D:5      | Reached skill level 5 in Axes
  4109 | D:5      | XOM: silly message
  4175 | D:5      | XOM: harmless Pois miscast
  4384 | D:6      | XOM: enchant monster (good)
  4421 | D:6      | Got a coiled pewter ring
  4441 | D:6      | Found an iron altar of Okawaru.
  4610 | D:6      | Reached XP level 8. HP: 64/67 MP: 7/7
  4696 | D:6      | Found a sparkling altar of Nemelex Xobeh.
  4726 | D:6      | Reached skill level 5 in Fighting
  4791 | D:6      | Identified the ring of Yxtasu {rElec Str+2 Slay+5} (You found it on level 6 of the Dungeon)
  4810 | D:7      | Noticed Menkaure
  4951 | D:7      | XOM: vitrification
  5001 | D:7      | XOM: scenery: create altars
  5064 | D:7      | Identified a scroll of acquirement
  5065 | D:7      | Got a pair of ancient gloves
  5071 | D:7      | Identified the +1 pair of gloves "Beej" {rC++ Dex+5} (You acquired it on level 7 of the Dungeon)
  5087 | D:7      | Killed Menkaure
  5087 | D:7      | Reached XP level 9. HP: 26/74 MP: 8/8
  5274 | D:7      | XOM: enchant monster (bad)
  5310 | D:7      | Reached skill level 10 in Shields
  5684 | D:7      | XOM: god gift: 37 gold pieces
  6256 | D:8      | XOM: colour smoke trail
  6267 | D:8      | XOM: silly message
  6275 | D:8      | XOM: scenery: 3 doors open, 1 doors close
  6275 | D:8      | Found a glowing silver altar of Zin.
  6406 | D:8      | Reached XP level 10. HP: 84/84 MP: 9/9
  6446 | D:8      | Noticed Erolcha
  6447 | D:8      | XOM: summons friendly iron imp
  6453 | D:8      | Killed Erolcha
  6453 | D:8      | Reached skill level 1 in Maces & Flails
  6546 | D:8      | XOM: god gift: falchion {god gift}
  6668 | D:9      | Found a glowing golden altar of the Shining One.
  6689 | D:9      | XOM: scenery: create altars
  6707 | D:9      | XOM: harmless Fire miscast
  6772 | D:9      | XOM: vitrification
  6798 | D:9      | You fall through a shaft for 3 floors!
  6801 | D:12     | XOM: confuse monster(s)
  6809 | D:12     | Reached skill level 10 in Axes
  6861 | D:12     | Found a flagged portal.
  6992 | Bailey   | Entered a bailey
  6992 | Bailey   | Noticed an orc knight
  7024 | Bailey   | XOM: summons 9 friendly demons
  7071 | Bailey   | XOM: summons 2 friendly demons
  7075 | Bailey   | Reached skill level 1 in Evocations
  7095 | Bailey   | XOM: god gift: scroll of teleportation
  7135 | Bailey   | Killed an orc knight
  7166 | Bailey   | Got an ancient demon blade
  7324 | Bailey   | XOM: 3-stop teleportation journey
  7325 | Bailey   | Noticed an orc knight
  7326 | Bailey   | XOM: medium Erth miscast
  7338 | Bailey   | Killed an orc knight
  7338 | Bailey   | Reached skill level 1 in Crossbows
  7422 | D:11     | Noticed Josephine
  7426 | D:11     | XOM: 2-stop teleportation journey
  7461 | D:11     | Identified the +3 demon blade "Sanep" {pain, *Corrode MP+9 Int+3 SInv} (You found it in a bailey)
  7467 | D:11     | Noticed a purple ugly thing
  7474 | D:11     | Killed a purple ugly thing
  7474 | D:11     | Reached XP level 11. HP: 71/91 MP: 9/11
  7487 | D:11     | XOM: god gift: bread ration
  7583 | D:11     | XOM: divination: detect creatures
  7588 | D:11     | XOM: summons friendly shadow imp
  7617 | D:11     | Got an ancient ring mail
  7638 | D:11     | Identified the +1 ring mail of the Desert {rPois MP+9 Slay-3} (You found it on level 11 of the Dungeon)
  7643 | D:11     | XOM: harmless Ice miscast
  7680 | D:11     | Killed Josephine
  7680 | D:11     | Reached skill level 10 in Armour
  7684 | D:11     | XOM: enchant monster (bad)
  7858 | D:11     | Found a staircase to the Lair.
  8027 | D:11     | Found a glowing golden altar of the Shining One.
  8123 | D:11     | XOM: colour smoke trail
  8175 | D:11     | XOM: harmless Divn miscast
  8332 | D:10     | Entered Level 10 of the Dungeon
  8365 | D:10     | XOM: potion effect (heal wounds)
  8382 | D:10     | Found Motokhle's Magic Scroll Shop.
  8391 | D:10     | Bought a scroll of enchant weapon for 97 gold pieces
  8391 | D:10     | Bought a scroll of acquirement for 676 gold pieces
  8391 | D:10     | Bought a scroll of identify for 26 gold pieces
  8430 | D:10     | Noticed Grum
  8435 | D:10     | Killed Grum
  8491 | D:10     | Found Engas's Jewellery Shoppe.
  8548 | D:10     | Noticed Erica
  8550 | D:10     | XOM: summons 6 friendly demons
  8583 | D:10     | Noticed Maurice
  8589 | D:10     | XOM: summons 2 friendly demons
  8590 | D:10     | XOM: potion effect (agility)
  8597 | D:10     | Killed Maurice
  8662 | D:10     | Noticed a hill giant
  8669 | D:10     | Killed a hill giant
  8761 | D:10     | Reached XP level 12. HP: 101/101 MP: 12/12
  8836 | D:10     | Found Bitagem's Antique Armour Emporium.
  8883 | D:10     | Found Saptoc's Magic Scroll Emporium.
  8930 | D:10     | XOM: snakes to sticks
  9324 | D:9      | Found a staircase to the Orcish Mines.
  9453 | D:12     | XOM: harmless Trmt miscast
  9455 | D:12     | XOM: confuse monster(s)
  9464 | D:12     | Killed Erica
  9502 | D:13     | Noticed a centaur warrior
  9514 | D:13     | Killed a centaur warrior
  9632 | D:13     | XOM: harmless Ice miscast
  9650 | D:13     | XOM: enchant monster (bad)
  9660 | D:13     | XOM: blink monster(s)
  9666 | D:13     | XOM: enchant monster (good)
  9688 | D:13     | Noticed a centaur warrior
  9693 | D:13     | XOM: blink monster(s)
  9705 | D:13     | Killed a centaur warrior
  9961 | D:13     | XOM: summons 2 hostile demons
 10022 | D:13     | XOM: cast spell 'Ring of Flames'
 10047 | D:13     | Reached skill level 15 in Shields
 10071 | D:13     | Found a gate to the Vaults.
 10071 | D:13     | Noticed a vault guard
 10071 | D:13     | Noticed a vault guard
 10071 | D:13     | Noticed a vault guard
 10074 | D:13     | XOM: harmless Trmt miscast
 10080 | D:13     | XOM: confuse monster(s)
 10087 | D:13     | XOM: give mutation
 10087 | D:13     | Gained mutation: You are covered in fur (AC +1). [Xom's mischief]
 10094 | D:13     | XOM: enchant monster (bad)
 10097 | D:13     | Killed a vault guard
 10111 | D:13     | Killed a vault guard
 10115 | D:13     | Killed a vault guard
 10115 | D:13     | Reached XP level 13. HP: 71/111 MP: 13/13
 10298 | D:13     | Found a sparkling altar of Nemelex Xobeh.
 10367 | D:14     | XOM: summons 2 friendly demons
 10421 | D:14     | XOM: polymorph purple ugly thing -> griffon
 10425 | D:14     | XOM: enchant monster (good)
 10429 | D:14     | XOM: divine lightning
 10492 | D:14     | Gained mutation: You are agile. (Dex +2) [potion of beneficial mutation]
 10514 | D:14     | Noticed a ghoul
 10523 | D:14     | XOM: swap monsters
 10529 | D:14     | Reached skill level 15 in Axes
 10548 | D:14     | Killed a ghoul
 10552 | D:14     | XOM: enchant monster (good)
 10592 | D:14     | Noticed a ghoul
 10592 | D:14     | XOM: destruction
 10597 | D:14     | XOM: scenery: create altars
 10614 | D:14     | XOM: give mutations
 10614 | D:14     | Gained mutation: You are very agile. (Dex +4) [Xom's grace]
 10614 | D:14     | Gained mutation: You are partially covered in iridescent scales (AC +4). [Xom's grace]
 10614 | D:14     | Gained mutation: You have sharp fingernails. [Xom's grace]
 10614 | D:14     | Gained mutation: You have supernaturally acute eyesight. [Xom's grace]
 10617 | D:14     | Killed a ghoul
 10637 | D:14     | XOM: scenery: create altars
 10659 | D:14     | XOM: summons friendly iron imp
 10663 | D:14     | XOM: swap monsters
 10690 | D:14     | Noticed a ghoul
 10698 | D:14     | XOM: noise
 10708 | D:14     | XOM: fake destruction
 10711 | D:14     | Killed a ghoul
 10744 | D:14     | XOM: noise
 10780 | D:14     | Reached skill level 5 in Dodging
 10821 | D:14     | XOM: blink monster(s)
 11147 | D:15     | Entered Level 15 of the Dungeon
 11181 | D:15     | XOM: silly message
 11182 | D:15     | XOM: 2-stop teleportation journey
 11328 | D:15     | XOM: fog
 11357 | D:15     | XOM: polymorph red ugly thing -> wolf spider
 11362 | D:15     | XOM: confusion
 11373 | D:15     | XOM: summons 3 friendly demons
 11384 | D:15     | Reached skill level 10 in Fighting
 11456 | D:15     | Reached XP level 14. HP: 82/121 MP: 14/14
 11484 | D:15     | Found a staircase to the Depths.
 11484 | D:15     | XOM: scenery: create altars
 11503 | D:15     | XOM: divination: detect items
 11619 | D:15     | XOM: enchant monster (good)
 11746 | D:15     | Found a white marble altar of Elyvilon.
 11789 | D:15     | XOM: confuse monster(s)
 11963 | D:14     | XOM: give mutation
 11963 | D:14     | Gained mutation: You are partially covered in molten scales (AC +1). [Xom's grace]
 11975 | D:14     | XOM: scenery: create altars
 12061 | D:11     | XOM: summons 4 hostile demons
 12081 | D:11     | XOM: scenery: create altars
 12108 | Lair:1   | Entered Level 1 of the Lair of Beasts
 12267 | Lair:1   | XOM: destruction
 12270 | Lair:1   | XOM: destruction
 12704 | Lair:1   | XOM: god gift: short glowing staff {god gift}
 12866 | Lair:2   | XOM: polymorph elephant -> giant eyeball
 12874 | Lair:2   | XOM: destruction
 12910 | Lair:2   | XOM: 7-stop teleportation journey
 13083 | Lair:2   | XOM: swap monsters
 13153 | Lair:2   | XOM: vitrification
 13260 | Lair:2   | XOM: 1-stop teleportation journey
 13320 | Lair:2   | XOM: mild Chrm miscast
 13601 | Lair:3   | XOM: harmless Hex miscast
 13753 | Lair:3   | XOM: noise
 13762 | Lair:3   | Noticed gitgud34's ghost (journeyman TrMo)
 13777 | Lair:3   | Killed gitgud34's ghost
 13795 | Lair:3   | Found a staircase to the Shoals.
 13935 | Lair:3   | XOM: summons 4 hostile shadow creatures
 14330 | Lair:3   | XOM: divination: magic mapping
 14608 | Lair:4   | XOM: summons friendly quasit
 14619 | Lair:4   | XOM: enchant monster (bad)
 14865 | Lair:4   | XOM: god gift: scroll of immolation
 14872 | Lair:4   | XOM is BORED!
 14872 | Lair:4   | XOM: mild Erth miscast
 15187 | Lair:5   | XOM: colour smoke trail
 15222 | Lair:5   | XOM: confuse monster(s)
 15890 | Lair:5   | XOM: vitrification
 15919 | Lair:6   | Found a viscous altar of Jiyva.
 15919 | Lair:6   | Found a staircase to the Slime Pits.
 16023 | Lair:6   | XOM: scenery: create altars
 16142 | Lair:6   | XOM: scenery: create altars
 16150 | Lair:5   | Reached XP level 15. HP: 126/129 MP: 15/15
 16162 | Lair:6   | Reached skill level 1 in Long Blades
 16162 | Lair:6   | XOM: god gift: glowing copper amulet {god gift}
 16497 | Lair:6   | XOM: 7-stop teleportation journey
 16505 | Lair:6   | Found a staircase to the Snake Pit.
 16505 | Lair:6   | XOM: polymorph naga -> fire bat
 16516 | Lair:6   | XOM: enchant monster (good)
 16873 | Lair:7   | Found a frozen archway.
 16897 | IceCv    | Entered an ice cave
 16979 | IceCv    | XOM: polymorph larval oxsting beast -> worm
 17156 | IceCv    | Found an ancient bone altar of Kikubaaqudgha.
 17276 | IceCv    | XOM: give mutations
 17276 | IceCv    | Gained mutation: You have an increased reservoir of magic (+10% MP). [Xom's grace]
 17276 | IceCv    | Gained mutation: Your flesh is heat resistant. [Xom's grace]
 17293 | IceCv    | XOM: vitrification
 17442 | IceCv    | XOM: god gift: ancient trident {god gift}
 17446 | IceCv    | Got an ancient trident {god gift}
 17447 | IceCv    | Identified the +3 trident "Vitidueg" {holy, Dex+3} (Xom gifted it to you in an ice cave)
 17457 | IceCv    | XOM: god gift: runed morningstar {god gift}
 17764 | Lair:4   | XOM: colour smoke trail
 17882 | Lair:7   | XOM: smoke on damage
 17999 | Lair:7   | XOM: harmless Hex miscast
 18071 | Lair:7   | XOM: medium Necr miscast
 18523 | Lair:8   | Entered Level 8 of the Lair of Beasts
 18524 | Lair:8   | XOM: silly message
 18537 | Lair:8   | XOM: chaos cloud
 18594 | Lair:8   | XOM: summons 7 hostile demons
 18627 | Lair:8   | XOM: give mutation
 18627 | Lair:8   | Lost mutation: Your flesh is heat resistant. [Xom's mischief]
 18682 | Lair:8   | XOM: mild Conj miscast
 18714 | Lair:8   | Reached skill level 1 in Throwing
 18759 | Lair:8   | XOM: mild Chrm miscast
 18956 | Lair:8   | Noticed jedvagenij's ghost (journeyman DDFi)
 18976 | Lair:8   | XOM: confuse monster(s)
 18991 | Lair:8   | Killed jedvagenij's ghost
 19011 | Lair:8   | XOM: 2-stop teleportation journey
 19014 | Lair:8   | XOM: swap monsters
 19020 | Lair:8   | XOM: god gift: 38 gold pieces
 19029 | Lair:8   | XOM: medium Fire miscast
 19089 | Lair:8   | XOM: summons 4 hostile shadow creatures
 19185 | Lair:8   | XOM: god gift: 30 arrows
 19212 | Lair:8   | Got a polished arbalest
 19228 | Lair:8   | XOM: harmless Chrm miscast
 19387 | Lair:8   | XOM: harmless Divn miscast
 19504 | Lair:8   | XOM: god gift: ring mail {god gift}
 19528 | Lair:8   | XOM: harmless Pois miscast
 19685 | Lair:8   | XOM: cast spell 'Statue Form'
 19715 | Lair:8   | XOM: colour smoke trail
 19769 | Lair:7   | XOM: divination: magic mapping
 20163 | D:10     | Bought a scroll of acquirement for 832 gold pieces
 20180 | D:10     | Identified the +5 arbalest "Awoemm" {venom, rF+ rC+} (You found it on level 8 of the Lair of Beasts)
 20383 | D:14     | XOM: confuse monster(s)
 20545 | Orc:1    | Entered Level 1 of the Orcish Mines
 20781 | Orc:1    | XOM: chaos upgrade
 20786 | Orc:1    | XOM: summons friendly ufetubus
 20917 | Orc:1    | XOM: god gift: scroll of silence
 21002 | Orc:2    | Entered Level 2 of the Orcish Mines
 21016 | Orc:2    | Noticed jesusflecha's ghost (journeyman DsGl)
 21035 | Orc:2    | XOM: swap monsters
 21042 | Orc:2    | Killed jesusflecha's ghost
 21144 | Orc:2    | XOM: noise
 21154 | Orc:2    | XOM: summons friendly shadow imp
 21188 | Orc:2    | Noticed Maud
 21189 | Orc:2    | XOM: enchant monster (good)
 21204 | Orc:2    | Killed Maud
 21376 | Orc:2    | XOM: divination: detect items
 21379 | Orc:2    | XOM: summons 2 friendly demons
 21388 | Orc:2    | XOM: polymorph orc high priest -> eye of devastation
 21436 | Orc:2    | Found Begar's General Store.
 21436 | Orc:2    | Found Laumaher's Magic Scroll Shop.
 21438 | Orc:2    | Found Ukkauk's Food Shoppe.
 21438 | Orc:2    | Found Cudin's Antique Armour Shop.
 21444 | Orc:2    | Bought a scroll of blinking for 120 gold pieces
 21444 | Orc:2    | Bought a potion of curing for 48 gold pieces
 21451 | Orc:2    | Bought a pair of twisted boots for 275 gold pieces
 21461 | Orc:2    | Identified the +2 pair of boots of Demons {Dex+3} (You bought it in a shop on level 2 of the Orcish Mines)
 21468 | Orc:2    | Bought a scroll of blinking for 127 gold pieces
 21473 | Orc:2    | Bought a scroll of enchant weapon for 120 gold pieces
 21473 | Orc:2    | Bought a potion of haste for 160 gold pieces
 21493 | Orc:2    | XOM: 3-stop teleportation journey
 21573 | Orc:2    | Found a staircase to the Elven Halls.
 21615 | Orc:2    | XOM: polymorph orc warrior -> centaur
 21708 | Orc:2    | XOM: god gift: pair of boots {god gift}
 21910 | Orc:2    | XOM: vitrification
 21987 | Orc:2    | Bought a meat ration for 60 gold pieces
 21987 | Orc:2    | Bought a meat ration for 60 gold pieces
 22087 | Orc:2    | Bought 4 fruits for 72 gold pieces
 22087 | Orc:2    | Bought 4 fruits for 72 gold pieces
 22087 | Orc:2    | Bought 2 fruits for 36 gold pieces
 22369 | Shoals:1 | Entered Level 1 of the Shoals
 22470 | Shoals:1 | Reached XP level 16. HP: 139/139 MP: 18/18
 22527 | Shoals:1 | XOM: summons friendly quasit
 22536 | Shoals:1 | XOM: confusion (+ monsters)
 22677 | Shoals:1 | Noticed Nikola
 22692 | Shoals:1 | XOM: enchant monster (good)
 22699 | Shoals:1 | Killed Nikola
 22760 | Shoals:1 | Found Evuheaje's Magic Scroll Boutique.
 23205 | Shoals:1 | XOM: god gift: leather armour {god gift}
 23245 | Shoals:2 | XOM: blink monster(s)
 23272 | Shoals:2 | XOM: harmless Necr miscast
 23391 | Shoals:2 | XOM: mild Summ miscast
 23404 | Shoals:2 | XOM: medium Summ miscast
 23413 | Shoals:2 | XOM: divination: magic mapping
 23433 | Shoals:2 | XOM: divination: magic mapping
 23442 | Shoals:2 | XOM: 5-stop teleportation journey
 23457 | Shoals:2 | XOM: 8-stop teleportation journey
 23637 | Shoals:2 | XOM: scenery: create altars
 23759 | Shoals:2 | XOM: potion effect (invisibility)
 23779 | Shoals:2 | XOM: divination: detect creatures
 23821 | Shoals:2 | XOM: polymorph merfolk avatar -> seven-headed hydra
 24115 | Shoals:2 | XOM: summons friendly iron imp
 24359 | Shoals:2 | XOM: mild Divn miscast
 24557 | Shoals:3 | XOM: divination: detect items
 24581 | Shoals:3 | XOM: potion effect (brilliance)
 24624 | Shoals:3 | XOM: silly message
 24937 | Shoals:3 | XOM: colour smoke trail
 25026 | Shoals:3 | Found a radiant altar of Vehumet.
 25031 | Shoals:3 | Noticed a kraken
 25048 | Shoals:3 | XOM: potion effect (haste)
 25063 | Shoals:3 | Killed a kraken
 25220 | Shoals:4 | Entered Level 4 of the Shoals
 25303 | Shoals:4 | XOM: divination: detect creatures
 25314 | Shoals:4 | XOM: fog
 25380 | Shoals:4 | Noticed Ilsuiw
 25452 | Shoals:4 | XOM: harmless Air miscast
 25512 | Shoals:4 | XOM: repel stairs
 25519 | Shoals:4 | XOM: enchant monster (bad)
 25593 | Shoals:4 | XOM: colour smoke trail
 25611 | Shoals:4 | Reached XP level 17. HP: 148/148 MP: 19/19
 25613 | Shoals:4 | XOM: medium Summ miscast
 25614 | Shoals:4 | XOM: medium Chrm miscast
 25616 | Shoals:4 | XOM: enchant monster (bad)
 25730 | Shoals:4 | XOM: confuse monster(s)
 25804 | Shoals:4 | Got a ring of the Octopus King
 25804 | Shoals:4 | XOM: mild Necr miscast
 25850 | Shoals:4 | XOM: medium Divn miscast
 25888 | Shoals:4 | Identified a ring of the Octopus King {AC+1 EV+1 Str+1 Int+1 Dex+1 Stlth+} (You found it on level 4 of the Shoals)
 26018 | Shoals:4 | Killed Ilsuiw
 26018 | Shoals:4 | Reached skill level 15 in Armour
 26018 | Shoals:4 | XOM: enchant monster (good)
 26057 | Shoals:4 | XOM: scenery: create altars
 26390 | Shoals:4 | XOM: harmless Hex miscast
 26409 | Shoals:4 | XOM: enchant monster (good)
 26413 | Shoals:4 | XOM: summons 3 friendly demons
 26433 | Shoals:4 | XOM: potion effect (brilliance)
 26436 | Shoals:4 | XOM: smoke on damage
 26473 | Shoals:4 | XOM: medium Ice miscast
 26528 | Shoals:4 | Got a barnacled rune of Zot
 26568 | Shoals:4 | XOM: enchant monster (bad)
 26625 | Shoals:4 | XOM: noise
 26676 | Shoals:4 | XOM: mild Divn miscast
 26678 | Shoals:4 | Got a wavering iron amulet
 26699 | Shoals:4 | Identified the amulet of Kikubaaqudgha's Anger {MR+ Regen+ Str+2} (You found it on level 4 of the Shoals)
 26801 | Shoals:4 | XOM: colour smoke trail
 26849 | Shoals:4 | XOM: enchant monster (good)
 26850 | Shoals:4 | XOM: enchant monster (good)
 27253 | Snake:1  | Entered Level 1 of the Snake Pit
 27698 | Snake:1  | XOM: mild Pois miscast
 27928 | Snake:1  | XOM: colour smoke trail
 28044 | Snake:1  | XOM: confuse monster(s)
 28301 | Snake:1  | XOM: god gift: 5 steel javelins
 28622 | Snake:2  | Noticed Aizul
 28624 | Snake:2  | XOM: confusion
 28650 | Snake:2  | Killed Aizul
 28652 | Snake:2  | XOM: harmless Divn miscast
 28678 | Snake:2  | XOM: vitrification
 28706 | Snake:2  | XOM: swap monsters
 28718 | Snake:2  | XOM: summons friendly crimson imp
 28794 | Snake:2  | You fall through a shaft!
 29002 | Snake:3  | XOM: divination: detect items
 29143 | Snake:3  | Reached XP level 18. HP: 157/157 MP: 20/20
 29144 | Snake:3  | XOM: summons 6 friendly demons
 29236 | Snake:3  | XOM: mild Erth miscast
 29459 | Snake:3  | XOM: mild Pois miscast
 29673 | Snake:2  | XOM: harmless Hex miscast
 29798 | Snake:3  | XOM: noise
 30008 | Snake:3  | XOM: colour smoke trail
 30227 | Snake:3  | Noticed Donald
 30240 | Snake:3  | XOM: cast spell 'Ring of Flames'
 30248 | Snake:3  | Killed Donald
 30491 | Snake:4  | Entered Level 4 of the Snake Pit
 30500 | Snake:4  | XOM: enchant monster (good)
 30511 | Snake:4  | XOM: snakes to sticks
 30512 | Snake:4  | XOM: destruction
 30520 | Snake:4  | XOM: cast spell 'Summon Small Mammal'
 30527 | Snake:4  | XOM: summons 2 friendly demons
 30550 | Snake:4  | XOM: summons 3 friendly demons
 30849 | Snake:4  | XOM: 1-stop teleportation journey
 30878 | Snake:4  | XOM: potion effect (experience)
 30878 | Snake:4  | Reached skill level 5 in Throwing
 30878 | Snake:4  | Reached XP level 19. HP: 165/165 MP: 21/21
 30895 | Snake:4  | XOM: enchant monster (good)
 31058 | Snake:4  | XOM: scenery: create altars
 31071 | Snake:4  | XOM: fog
 31076 | Snake:4  | XOM: mild Hex miscast
 31077 | Snake:4  | XOM: enchant monster (bad)
 31080 | Snake:4  | XOM: summons friendly ufetubus
 31109 | Snake:4  | XOM: chaos upgrade
 31209 | Snake:4  | XOM: noise
 31217 | Snake:4  | XOM: confusion
 31218 | Snake:4  | XOM: polymorph naga -> rime drake
 31316 | Snake:4  | XOM: enchant monster (bad)
 31332 | Snake:4  | XOM: polymorph naga -> golden eye
 31357 | Snake:4  | XOM: chaos upgrade
 31364 | Snake:4  | XOM: confusion (+ monsters)
 31387 | Snake:4  | XOM: enchant monster (bad)
 31504 | Snake:4  | XOM: give mutations
 31504 | Snake:4  | Lost mutation: You are covered in fur (AC +1). [Xom's mischief]
 31504 | Snake:4  | Gained mutation: You are resistant to hostile enchantments. [Xom's mischief]
 31505 | Snake:4  | Got a serpentine rune of Zot
 31557 | Snake:3  | XOM: harmless Hex miscast
 31582 | Snake:1  | XOM: give mutations
 31582 | Snake:1  | Lost mutation: You have sharp fingernails. [Xom's mischief]
 31582 | Snake:1  | Lost mutation: You have an increased reservoir of magic (+10% MP). [Xom's mischief]
 31582 | Snake:1  | Gained mutation: You are weak. (Str -2) [Xom's mischief]
 31619 | Snake:1  | XOM: summons 3 hostile demons
 31627 | Snake:1  | XOM: noise
 31646 | Snake:1  | XOM: colour smoke trail
 31683 | Snake:1  | XOM: god gift: 13 stones
 31705 | Snake:1  | XOM: vitrification
 32021 | Depths:1 | Entered Level 1 of the Depths
 32065 | Depths:1 | XOM: confuse monster(s)
 32219 | Depths:1 | Found a gateway to a ziggurat.
 32234 | Depths:1 | XOM: swap monsters
 32360 | Depths:1 | XOM: divine lightning
 32437 | Depths:1 | Found a gateway to Hell.
 32528 | Depths:1 | Found a one-way gate leading to the halls of Pandemonium.
 32877 | Depths:2 | XOM: god gift: stone of tremors
 33175 | Depths:2 | XOM: mild Tloc miscast
 33254 | Depths:2 | XOM: blink monster(s)
 33385 | Depths:2 | Reached XP level 20. HP: 163/173 MP: 20/20
 33439 | Depths:2 | XOM: give mutation
 33439 | Depths:2 | Lost mutation: You have supernaturally acute eyesight. [Xom's mischief]
 33439 | Depths:2 | Gained mutation: Scrolls take you a little longer to read. [Xom's mischief]
 33445 | Depths:2 | XOM: give mutations
 33445 | Depths:2 | Gained mutation: Your magical capacity is low (-10% MP). [Xom's mischief]
 33445 | Depths:2 | Gained mutation: Your body sometimes deteriorates upon taking damage. [Xom's mischief]
 33547 | Depths:2 | Noticed Asterion
 33586 | Depths:2 | Killed Asterion
 33588 | Depths:2 | XOM: give mutations
 33588 | Depths:2 | Lost mutation: Your magical capacity is low (-10% MP). [Xom's mischief]
 33588 | Depths:2 | Lost mutation: Your body sometimes deteriorates upon taking damage. [Xom's mischief]
 33783 | Depths:2 | XOM: potion effect (berserk rage)
 34053 | Depths:2 | XOM: cast spell 'Olgreb's Toxic Radiance'
 34058 | Depths:2 | XOM: cast spell 'Summon Butterflies'
 34193 | Depths:2 | XOM: god gift: phantom mirror
 34329 | Depths:2 | XOM: god gift: plate armour {god gift}
 34426 | Depths:2 | XOM: give mutation
 34426 | Depths:2 | Gained mutation: You are partially covered in slimy green scales (AC +2). [Xom's grace]
 34826 | Depths:3 | XOM: scenery: 1 doors open
 34843 | Depths:3 | XOM: destruction
 34853 | Depths:3 | XOM: potion effect (agility)
 34859 | Depths:3 | XOM: summons friendly ufetubus
 34869 | Depths:3 | XOM: divination: magic mapping
 34976 | Depths:3 | XOM: harmless Pois miscast
 35018 | Depths:3 | XOM: divination: detect creatures
 35092 | Depths:3 | XOM: cast spell 'Summon Mana Viper'
 35106 | Depths:3 | XOM: confuse monster(s)
 35122 | Depths:3 | XOM: smoke on damage
 35394 | Depths:3 | XOM: blink monster(s)
 35487 | Depths:3 | XOM: 2-stop teleportation journey
 35515 | Depths:3 | XOM: 1-stop teleportation journey
 35593 | Depths:3 | XOM: vitrification
 35674 | Depths:3 | Noticed Mara
 35721 | Depths:3 | Got a transparent triple crossbow
 35724 | Depths:3 | Identified the +10 triple crossbow of the Orcish Mines {flame, MR+ Str-4 Int+2 Stlth+} (You took it off a vampire knight on level 3 of the Depths)
 35775 | Depths:3 | XOM: enchant monster (good)
 35817 | Depths:3 | Noticed MikeMike's illusion
 35826 | Depths:3 | XOM: divination: magic mapping
 35833 | Depths:3 | XOM: summons 4 hostile demons
 35849 | Depths:3 | Noticed Mara
 35849 | Depths:3 | Mara changed into Mara the doom hound
 35849 | Depths:3 | XOM: polymorph Mara -> Mara the doom hound
 35860 | Depths:3 | XOM: stat loss: -1 Dex (22/23)
 35890 | Depths:3 | Noticed MikeMike's illusion
 35908 | Depths:3 | XOM: harmless Conj miscast
 35924 | Depths:3 | Noticed Mara
 35924 | Depths:3 | Mara changed into Mara the doom hound
 35924 | Depths:3 | XOM: polymorph Mara -> Mara the doom hound
 35925 | Depths:3 | Killed Mara
 35938 | Depths:3 | Got a clouded silver ring
 35941 | Depths:3 | Identified the ring of Zirchee {rPois rF+ SInv} (You found it on level 3 of the Depths)
 36141 | Depths:3 | XOM: harmless Air miscast
 36337 | D:10     | Bought a scroll of summoning for 123 gold pieces
 36362 | D:10     | Bought the amulet "Gaddumoe" {Reflect rElec rF+ rC+ rN+ SH+4} for 972 gold pieces
 36504 | Lair:1   | XOM: summons 4 hostile shadow creatures
 36566 | Lair:3   | XOM: colour smoke trail
 36670 | D:11     | XOM: vitrification
 36752 | D:11     | XOM: give mutations
 36752 | D:11     | Gained mutation: You passively map a small area around you. [Xom's mischief]
 36752 | D:11     | Gained mutation: You are very weak. (Str -4) [Xom's mischief]
 36752 | D:11     | Lost mutation: You passively map a small area around you. [Xom's mischief]
 36864 | D:9      | XOM: god gift: 21 bolts
 37238 | Depths:2 | XOM: scenery: 1 doors close
 37413 | Depths:3 | XOM: give mutations
 37413 | Depths:3 | Gained mutation: Your spells are a little harder to cast, but a little more powerful. [Xom's grace]
 37413 | Depths:3 | Gained mutation: You are highly resistant to hostile enchantments. [Xom's grace]
 37413 | Depths:3 | Gained mutation: You have large cloven feet. [Xom's grace]
 37413 | Depths:3 | Gained mutation: You possess an exceptional clarity of mind. [Xom's grace]
 37473 | Depths:3 | XOM: stat loss: -1 Int (4/5)
 37835 | Depths:4 | XOM: stat loss: -1 Str (25/26)
 37838 | Depths:4 | XOM: polymorph green very ugly thing -> caustic shrike
 37842 | Depths:4 | XOM: cast spell 'Shadow Creatures'
 37850 | Depths:4 | Reached XP level 21. HP: 175/181 MP: 21/21
 37890 | Depths:4 | XOM: divination: magic mapping
 37916 | Depths:4 | XOM: polymorph merfolk impaler -> anaconda
 37942 | Depths:4 | XOM: god gift: short runed staff {god gift}
 37965 | Depths:4 | Noticed a caustic shrike
 37969 | Depths:4 | XOM: divination: magic mapping
 37970 | Depths:4 | XOM: mild Tloc miscast
 37987 | Depths:4 | Killed a caustic shrike
 38035 | Depths:4 | XOM: 1-stop teleportation journey
 38036 | Depths:4 | Noticed a golden dragon
 38043 | Depths:4 | Noticed a juggernaut
 38059 | Depths:4 | XOM: give mutations
 38059 | Depths:4 | Lost mutation: You are very agile. (Dex +4) [Xom's mischief]
 38059 | Depths:4 | Lost mutation: You are partially covered in molten scales (AC +1). [Xom's mischief]
 38076 | Depths:4 | Noticed a golden dragon
 38082 | Depths:4 | XOM: 7-stop teleportation journey
 38092 | Depths:4 | XOM: repel stairs
 38104 | Depths:4 | Got a brightly glowing copper ring
 38113 | Depths:4 | Identified the ring of the Ant {rC++ Stlth-} (You found it on level 4 of the Depths)
 38210 | Depths:4 | Noticed an iron giant
 38211 | Depths:4 | XOM: 2-stop teleportation journey
 38232 | Depths:4 | XOM: mild Necr miscast
 38237 | Depths:4 | XOM: enchant monster (bad)
 38244 | Depths:4 | Killed a golden dragon
 38281 | Depths:4 | Identified a +1 pair of boots of running (You found it on level 4 of the Depths)
 38424 | Depths:4 | Found a runed door.
 38524 | Depths:4 | XOM: medium Air miscast
 38525 | Depths:4 | Noticed a shard shrike
 38525 | Depths:4 | an iron giant changed into a shard shrike
 38525 | Depths:4 | XOM: polymorph iron giant -> shard shrike
 38536 | Depths:4 | XOM: divination: magic mapping
 38537 | Depths:4 | Killed a shard shrike
 38636 | Depths:4 | XOM: cast spell 'Summon Butterflies'
 38657 | Depths:4 | XOM: 4-stop teleportation journey
 38726 | Depths:4 | Noticed an iron giant
 38727 | Depths:4 | Found a one-way gate to the infinite horrors of the Abyss.
 38727 | Depths:4 | Noticed a juggernaut
 38728 | Depths:4 | Noticed a caustic shrike
 38753 | Depths:4 | XOM: harmless Necr miscast
 38759 | Depths:4 | Identified a +2 rod of ignition (10/10) (You found it on level 4 of the Depths)
 38791 | Depths:4 | XOM: divination: detect creatures
 38806 | Depths:4 | XOM: smoke on damage
 38808 | Depths:4 | Killed a caustic shrike
 38841 | Depths:4 | Killed an iron giant
 38846 | Depths:4 | Got a citrine-encrusted chain mail
 38873 | Depths:4 | Identified the +6 chain mail of Dithmenos's Vengeance {rElec rC- rCorr} (You found it on level 4 of the Depths)
 38904 | Depths:4 | XOM: summons friendly shadow imp
 38915 | Depths:4 | Got an ancient chain mail
 38926 | Depths:4 | Identified the +1 chain mail "Qeigg" {rPois Str+2} (You found it on level 4 of the Depths)
 38958 | Depths:4 | XOM: harmless Summ miscast
 39037 | Depths:4 | Noticed a golden dragon
 39039 | Depths:4 | Noticed a caustic shrike
 39039 | Depths:4 | XOM: cast spell 'Spider Form'
 39101 | Depths:4 | XOM: enchant monster (good)
 39145 | Depths:5 | Entered Level 5 of the Depths
 39214 | Depths:5 | XOM: god gift: 19 gold pieces
 39552 | Depths:4 | XOM: scenery: create altars
 39553 | Depths:4 | XOM: divine lightning
 39561 | Depths:4 | Killed a juggernaut
 39625 | Depths:4 | XOM: cast spell 'Dispersal'
 39657 | Depths:4 | XOM: chaos cloud
 39730 | Depths:4 | XOM: polymorph ettin -> queen ant
 39740 | Depths:4 | XOM: enchant monster (good)
 39741 | Depths:4 | Reached skill level 15 in Fighting
 39759 | Depths:4 | XOM: medium Summ miscast
 39765 | Depths:4 | XOM: 2-stop teleportation journey
 39771 | Depths:4 | XOM: smoke on damage
 39777 | Depths:4 | XOM: potion effect (brilliance)
 39787 | Depths:4 | XOM: torment (81/184 hp)
 39792 | Depths:4 | Killed a golden dragon
 39792 | Depths:4 | XOM: potion effect (haste)
 39876 | Depths:4 | XOM: swap monsters
 39903 | Depths:4 | Killed a caustic shrike
 40336 | Lair:6   | XOM: summons 3 hostile shadow creatures
 40559 | Lair:2   | XOM: give mutations
 40559 | Lair:2   | Gained mutation: You are very agile. (Dex +4) [Xom's grace]
 40559 | Lair:2   | Gained mutation: You are extremely resistant to the effects of hostile enchantments. [Xom's grace]
 40559 | Lair:2   | Gained mutation: You are robust (+10% HP). [Xom's grace]
 40647 | D:11     | XOM: vitrification
 40779 | D:15     | XOM: vitrification
 40828 | Depths:3 | XOM: give mutations
 40828 | Depths:3 | Lost mutation: Your spells are a little harder to cast, but a little more powerful. [Xom's mischief]
 40828 | Depths:3 | Lost mutation: You are extremely resistant to the effects of hostile enchantments. [Xom's mischief]
 40828 | Depths:3 | Lost mutation: You have large cloven feet. [Xom's mischief]
 40834 | Depths:3 | XOM: divination: detect items
 41031 | Depths:4 | Got an ichor-stained buckler
 41042 | Depths:4 | Identified the +3 buckler of Dusegutt {rF+} (You took it off a vampire knight on level 4 of the Depths)
 41284 | Depths:4 | XOM: summons 2 friendly demons
 41287 | Depths:4 | XOM: summons friendly ufetubus
 41288 | Depths:4 | XOM: swap monsters
 41291 | Depths:4 | XOM: enchant monster (good)
 41296 | Depths:4 | XOM: polymorph ufetubus -> shadow imp
 41303 | Depths:4 | Killed a juggernaut
 41303 | Depths:4 | Reached XP level 22. HP: 166/212 MP: 22/22
 41421 | Depths:4 | XOM: divine lightning
 41453 | Depths:4 | XOM: god gift: potion of agility
 41485 | Depths:4 | XOM: mild Pois miscast
 41760 | Depths:4 | XOM: cast spell 'Disjunction'
 41789 | Depths:4 | Killed a golden dragon
 42121 | Depths:4 | XOM: noise
 42157 | Depths:5 | XOM: swap monsters
 42339 | Depths:5 | XOM: summons 3 friendly demons
 42358 | Depths:5 | XOM: scenery: create altars
 42513 | Depths:5 | Noticed a golden dragon
 42517 | Depths:5 | XOM: polymorph entropy weaver -> fire dragon
 42553 | Depths:5 | Killed a golden dragon
 42584 | Depths:5 | XOM: fake destruction
 42586 | Depths:5 | Reached skill level 10 in Throwing
 42705 | Depths:5 | XOM: mild Chrm miscast
 42766 | Depths:5 | XOM: cast spell 'Confusing Touch'
 42779 | Depths:5 | XOM: cast spell 'Spider Form'
 42780 | Depths:5 | XOM: enchant monster (good)
 42818 | Depths:5 | XOM: summons friendly white imp
 42822 | Depths:5 | XOM: mild Erth miscast
 43201 | Depths:5 | Found a gate to the Realm of Zot.
 43892 | D:11     | XOM: mild Chrm miscast
 44011 | Elf:1    | Entered Level 1 of the Elven Halls
 44108 | Elf:1    | XOM: fake destruction
 44180 | Elf:1    | Found Kaepeedo's Antique Armour Shop.
 44188 | Elf:1    | Noticed Roxanne
 44201 | Elf:1    | XOM: harmless Fire miscast
 44307 | Elf:1    | XOM: mild Air miscast
 44339 | Elf:1    | Noticed Agnes
 44342 | Elf:1    | XOM: summons friendly ufetubus
 44348 | Elf:1    | Killed Agnes
 44366 | Elf:1    | XOM: medium Air miscast
 45097 | Elf:1    | XOM: mild Chrm miscast
 45109 | Elf:1    | Killed Roxanne
 45206 | Elf:1    | XOM: summons friendly ufetubus
 45545 | Elf:2    | Found a runed gate.
 45545 | Elf:2    | Found a runed gate.
 45548 | Elf:2    | Found a runed gate.
 45850 | Elf:2    | XOM: god gift: gnarled jewelled rod {god gift}
 46391 | Elf:2    | XOM: swap monsters
 46397 | Elf:2    | Reached XP level 23. HP: 224/224 MP: 24/24
 46413 | Elf:2    | XOM: polymorph deep elf knight -> eye of devastation
 46422 | Elf:2    | XOM: potion effect (invisibility)
 46586 | Elf:2    | XOM: destruction
 46591 | Elf:2    | XOM: vitrification
 46687 | Elf:2    | Noticed Saint Roka
 46706 | Elf:2    | XOM: harmless Necr miscast
 46722 | Elf:2    | Killed Saint Roka
 46843 | Elf:2    | XOM: polymorph deep elf mage -> moth of wrath
 47086 | Elf:3    | Entered Level 3 of the Elven Halls
 47407 | Elf:3    | XOM: mild Fire miscast
 47426 | Elf:3    | XOM: stat loss: -1 Str (26/27)
 47429 | Elf:3    | XOM: give mutations
 47429 | Elf:3    | Lost mutation: Scrolls take you a little longer to read. [Xom's mischief]
 47429 | Elf:3    | Lost mutation: You are very agile. (Dex +4) [Xom's mischief]
 47429 | Elf:3    | Lost mutation: You are robust (+10% HP). [Xom's mischief]
 47429 | Elf:3    | Lost mutation: You are partially covered in slimy green scales (AC +2). [Xom's mischief]
 47455 | Elf:3    | XOM: chaos cloud
 47475 | Elf:3    | Paralysed by you for 2 turns
 47484 | Elf:3    | Paralysed by you for 3 turns
 47504 | Elf:3    | Gained mutation: You are frail (-10% HP). [mutagenic glow]
 47543 | Elf:3    | XOM: chaos upgrade
 47550 | Elf:3    | XOM: stat loss: -1 Dex (16/17)
 47601 | Elf:3    | XOM: medium Ice miscast
 47608 | Elf:3    | XOM: harmless Fire miscast
 47619 | Elf:3    | XOM: destruction
 47647 | Elf:3    | XOM: summons 5 friendly demons
 48023 | Elf:3    | XOM: confuse monster(s)
 48049 | Elf:3    | Reached skill level 5 in Evocations
 48145 | Elf:3    | XOM: god gift: runed marble ring {god gift}
 48202 | Elf:3    | XOM: god gift: robe {god gift}
 48514 | Elf:3    | Got a smoking pewter amulet
 48592 | Elf:3    | Identified the amulet of the Shining Light {Harm *Drain rElec Int+3} (You took it off a deep elf death mage on level 3 of the Elven Halls)
 48969 | Elf:3    | XOM: colour smoke trail
 49043 | Elf:3    | XOM: vitrification
 49715 | Slime:1  | Entered Level 1 of the Pits of Slime
 49718 | Lair:6   | XOM: god gift: 20 gold pieces
 49981 | Vaults:1 | Entered Level 1 of the Vaults
 49983 | Vaults:1 | XOM: confuse monster(s)
 50001 | Vaults:1 | XOM: confuse monster(s)
 50207 | Vaults:1 | XOM: confuse monster(s)
 50702 | Vaults:1 | XOM: scenery: 1 doors close
 50722 | Vaults:1 | Found a sacrificial altar of Ru.
 50722 | Vaults:1 | XOM: medium Air miscast
 50764 | Vaults:1 | XOM: polymorph worker ant -> killer bee
 50782 | Vaults:1 | XOM: summons 11 hostile demons
 50956 | Vaults:1 | XOM: noise
 50960 | Vaults:1 | XOM: noise
 51025 | Vaults:1 | XOM: potion effect (berserk rage)
 51031 | Vaults:1 | Reached XP level 24. HP: 194/194 MP: 26/26
 51107 | Vaults:1 | XOM: 3-stop teleportation journey
 51285 | Vaults:1 | XOM: harmless Necr miscast
 51341 | Vaults:1 | XOM: mild Tloc miscast
 51365 | Vaults:2 | Got a distressingly furry leather armour
 51376 | Vaults:2 | Identified the cursed +0 leather armour of Melancholy {rCorr MP+9 Str-4} (You found it on level 2 of the Vaults)
 51444 | Vaults:2 | XOM: 1-stop teleportation journey
 51701 | Vaults:2 | XOM: scenery: create altars
 51715 | Vaults:2 | XOM: give mutation
 51715 | Vaults:2 | Lost mutation: You are very weak. (Str -4) [Xom's mischief]
 51758 | Vaults:2 | XOM: silly message
 51802 | Vaults:2 | XOM: divination: magic mapping
 51813 | Vaults:2 | XOM: harmless Trmt miscast
 52001 | Vaults:2 | XOM: god gift: wand of iceblast {god gift}
 52407 | Vaults:2 | XOM: scenery: create altars
 52430 | Vaults:2 | XOM: 9-stop teleportation journey
 52611 | Vaults:2 | Noticed Boris
 52616 | Vaults:2 | XOM: swap monsters
 52624 | Vaults:2 | Killed Boris
 52628 | Vaults:2 | XOM: vitrification
 52744 | Vaults:2 | Found a staircase to the Crypt.
 52847 | Vaults:2 | XOM: give mutations
 52847 | Vaults:2 | Gained mutation: You are very frail (-20% HP). [Xom's mischief]
 52847 | Vaults:2 | Lost mutation: You are agile. (Dex +2) [Xom's mischief]
 53501 | Vaults:3 | Got a bound iron ring
 53503 | Vaults:3 | Identified the ring of the Gloaming {*Confuse +Blink rElec AC+5 Slay+2} (You found it on level 3 of the Vaults)
 53535 | Vaults:3 | XOM: divination: detect items
 53668 | Vaults:3 | XOM: give mutation
 53668 | Vaults:3 | Gained mutation: You are agile. (Dex +2) [Xom's grace]
 53709 | Vaults:3 | XOM: polymorph death knight -> boulder beetle
 53787 | Vaults:3 | XOM: swap monsters
 53793 | Vaults:3 | XOM: 4-stop teleportation journey
 53808 | Vaults:3 | XOM: god gift: scroll of amnesia
 53809 | Vaults:3 | XOM: confuse monster(s)
 53812 | Vaults:3 | XOM: polymorph vault sentinel -> something unseen
 54326 | Vaults:3 | XOM: god gift: chain mail {god gift}
 54475 | Vaults:4 | Reached skill level 27 in Shields
 54775 | Vaults:4 | XOM: summons friendly shadow imp
 54800 | Vaults:4 | XOM: swap monsters
 55004 | Vaults:4 | XOM: polymorph vault warden -> frost giant
 55024 | Vaults:4 | XOM: god gift: leather armour {god gift}
 55114 | Vaults:4 | XOM: scenery: 1 doors close
 55224 | Vaults:4 | XOM: god gift: 20 bolts
 55244 | Vaults:4 | XOM: colour smoke trail
 55441 | Vaults:4 | XOM: potion effect (berserk rage)
 55471 | Vaults:4 | XOM: harmless Air miscast
 55573 | Vaults:4 | Reached XP level 25. HP: 179/182 MP: 27/27
 55786 | Vaults:5 | Entered Level 5 of the Vaults
 55792 | Vaults:5 | XOM: destruction
 55793 | Vaults:5 | XOM: 7-stop teleportation journey
 55806 | Vaults:5 | XOM: summons friendly ufetubus
 55845 | Vaults:5 | XOM: cast spell 'Ring of Flames'
 56019 | Vaults:5 | Found Muqenaf's Armour Shoppe.
 56049 | Vaults:5 | XOM: polymorph yaktaur captain -> entropy weaver
 56093 | Vaults:5 | XOM: harmless Chrm miscast
 56157 | Vaults:5 | XOM: 4-stop teleportation journey
 56181 | Vaults:5 | XOM: 1-stop teleportation journey
 56247 | Vaults:5 | XOM: summons friendly quasit
 56388 | Vaults:5 | XOM: 3-stop teleportation journey
 56437 | Vaults:5 | XOM: confuse monster(s)
 56441 | Vaults:5 | XOM: summons 7 friendly demons
 56467 | Vaults:5 | XOM: scenery: create altars
 56490 | Vaults:5 | XOM: scenery: create altars
 56534 | Vaults:5 | XOM: summons 2 hostile shadow creatures
 56678 | Vaults:5 | XOM: harmless Divn miscast
 56785 | Vaults:5 | XOM: summons friendly quasit
 56788 | Vaults:5 | XOM: polymorph fire giant -> golden dragon
 56861 | Vaults:5 | XOM: 4-stop teleportation journey
 56867 | Vaults:5 | XOM: enchant monster (bad)
 56875 | Vaults:5 | XOM: polymorph something unseen -> stone giant
 56885 | Vaults:5 | XOM: cast spell 'Discord'
 56892 | Vaults:5 | XOM: enchant monster (good)
 56933 | Vaults:5 | Got a silver rune of Zot
 57022 | Vaults:5 | XOM: chaos cloud
 57026 | Vaults:5 | XOM: smoke on damage
 57110 | Vaults:5 | Got an encrusted falchion
 57111 | Vaults:5 | Identified the +12 falchion of Qoott {venom, *Rage +Fly MR+ Str+3 Int+2} (You found it on level 5 of the Vaults)
 57504 | Vaults:5 | Got a brightly glowing great mace {crush}
 57505 | Vaults:5 | Identified the +6 great mace of War {crush, +Fly rN+ Dex-3 SInv} (You took it off a vault warden on level 5 of the Vaults)
 57510 | Vaults:5 | Got a slimy scale mail
 57521 | Vaults:5 | Identified the +6 scale mail of Nihilism {MR+} (You took it off a vault warden on level 5 of the Vaults)
 57605 | Vaults:5 | XOM: mild Tloc miscast
 57825 | Vaults:5 | XOM is BORED!
 57825 | Vaults:5 | XOM: summons 1 hostile demon
 57914 | Vaults:5 | Upgraded the game from 0.18.1-5-g4a78601 to 0.18.1-6-gd335043
 57921 | Vaults:5 | XOM: harmless Necr miscast
 58074 | Vaults:2 | XOM: harmless Trmt miscast
 58112 | Vaults:1 | XOM: god gift: 1080 gold pieces
 58685 | Slime:1  | XOM: harmless Divn miscast
 58736 | Slime:1  | Gained mutation: You tend to lose your temper in combat. [a shining eye]
 58868 | Slime:2  | Reached XP level 26. HP: 193/193 MP: 29/29
 58914 | Slime:2  | Reached skill level 15 in Throwing
 59226 | Snake:1  | XOM: god gift: phantom mirror
 59315 | Snake:1  | XOM: summons 13 hostile demons
 59646 | Vaults:2 | XOM: god gift: 26 arrows
 59674 | Vaults:2 | XOM: scenery: 3 doors close
 60056 | Lair:3   | XOM: noise
 60099 | Slime:1  | XOM: 5-stop teleportation journey
 60501 | Slime:2  | Gained mutation: Your spells are a little easier to cast, but a little less powerful. [a shining eye]
 60524 | Slime:3  | Gained mutation: You passively map a small area around you. [a shining eye]
 60527 | Slime:3  | Gained mutation: Your body sometimes deteriorates upon taking damage. [a shining eye]
 60534 | Slime:3  | Gained mutation: You are extremely frail (-30% HP). [a shining eye]
 60790 | Slime:4  | Paralysed by a giant eyeball for 4 turns
 60902 | Slime:4  | XOM: 4-stop teleportation journey
 60929 | Slime:4  | XOM: god gift: scroll of amnesia
 61073 | Slime:4  | Gained mutation: You are very weak. (Str -4) [a shining eye]
 61260 | Slime:6  | Entered Level 6 of the Pits of Slime
 61266 | Slime:6  | XOM: mild Air miscast
 61305 | Slime:6  | XOM: polymorph large slime creature -> swamp worm
 61338 | Slime:5  | Gained mutation: Armour fits poorly on your strangely shaped body. [a shining eye]
 61345 | Slime:5  | Gained mutation: You occasionally shout uncontrollably at your foes. [a shining eye]
 61580 | Slime:6  | XOM: blink monster(s)
 61581 | Slime:6  | XOM: potion effect (heal wounds)
 61592 | Slime:6  | XOM: summons 1 hostile demon
 61779 | Slime:6  | XOM: enchant monster (good)
 61799 | Slime:6  | Reached skill level 10 in Evocations
 61831 | Slime:6  | XOM: scenery: create altars
 61835 | Slime:6  | Reached skill level 27 in Axes
 61870 | Slime:6  | Found a viscous altar of Jiyva.
 61896 | Slime:6  | Noticed the Royal Jelly
 61897 | Slime:6  | XOM: polymorph azure jelly -> dire elephant
 61916 | Slime:6  | Killed the Royal Jelly
 61943 | Slime:6  | XOM: give mutations
 61943 | Slime:6  | Gained mutation: You are surrounded by a mild repulsion field (EV +2). [Xom's grace]
 61943 | Slime:6  | Gained mutation: You are partially covered in rough black scales (AC +4, Dex -1). [Xom's grace]
 61943 | Slime:6  | Lost mutation: You are very weak. (Str -4) [Xom's grace]
 62001 | Slime:6  | XOM: scenery: create altars
 62015 | Slime:6  | Identified Sif Muna's Grimoire of Earthen Shape Shifting (You found it on level 6 of the Pits of Slime)
 62368 | Slime:3  | XOM: 2-stop teleportation journey
 62371 | Slime:3  | Gained mutation: You are dopey. (Int -2) [a shining eye]
 62599 | Slime:6  | Got an ichor-stained leather armour
 62610 | Slime:6  | Identified the +2 leather armour of Coronation {rPois MP+9} (You found it on level 6 of the Pits of Slime)
 62656 | Slime:6  | Got a slimy rune of Zot
 62656 | Slime:6  | XOM: scenery: create altars
 62748 | Slime:6  | XOM: scenery: create altars
 62984 | D:11     | Learned a level 3 spell: Gell's Gravitas
 63137 | D:15     | XOM: give mutations
 63137 | D:15     | Gained mutation: You are very agile. (Dex +4) [Xom's grace]
 63137 | D:15     | Gained mutation: You are somewhat resistant to further mutation. [Xom's grace]
 63199 | Depths:1 | XOM: god gift: runed steel ring {god gift}
 63245 | Hell     | Entered the Vestibule of Hell
 63245 | Hell     | Noticed Geryon
 63255 | Hell     | XOM: divine lightning
 63295 | Hell     | XOM: summons friendly iron imp
 63297 | Hell     | XOM: enchant monster (good)
 63311 | Hell     | XOM: summons 5 friendly demons
 63638 | Depths:1 | XOM: god gift: 2 fruits
 63667 | Depths:1 | Reached skill level 1 in Polearms
 63715 | Depths:1 | XOM: vitrification
 63724 | Depths:1 | XOM: harmless Pois miscast
 64036 | Depths:1 | XOM: repel stairs
 64138 | Depths:1 | XOM: harmless Summ miscast
 64267 | Hell     | XOM: polymorph red devil -> sixfirhy
 64272 | Hell     | XOM: smoke on damage
 64274 | Depths:1 | XOM: enchant monster (good)
 64481 | Hell     | HP: 1/172 [smoke demon/divine providence (10)]
 64483 | Depths:1 | XOM: cast spell 'Spider Form'
 64484 | Depths:1 | Killed from afar by a smoke demon

Skill      XL: |  1  2  3  4  5  6  7  8  9 10 11 12 13 14 15 16 17 18 19 20 21 22 23 24 25 26 |
---------------+-------------------------------------------------------------------------------+-----
Armour         | 4 5 6 7 8 9 10 11 12 13 14 15 16 17 18 19 20 21 | 21.0
Shields        | 4 5 6 7 9 10 12 13 15 16 17 19 20 21 22 23 24 25 26 27 | 27.0
Fighting       | 4 5 6 8 9 10 11 12 13 14 15 16 18 19 20 21 | 21.8
Axes           | 3 4 6 7 9 11 12 14 16 17 19 20 21 22 23 24 25 26 27 | 27.0
Dodging        | 1 2 3 4 5 |  5.0
Maces & Flails | 1 |  1.2
Evocations     | 1 2 3 5 7 9 10 | 10.3
Crossbows      | 1 2 |  2.3
Long Blades    | 1 |  1.9
Throwing       | 1 3 5 6 7 9 11 12 13 14 15 | 15.5
Polearms       | 1 |  1.9
Spellcasting   | |  0.6
Hexes          | |  0.1
Translocations | |  0.1

Action                   |  1- 3 |  4- 6 |  7- 9 | 10-12 | 13-15 | 16-18 | 19-21 | 22-24 | 25-27 || total
-------------------------+-------+-------+-------+-------+-------+-------+-------+-------+-------++-------
Melee: War axe           |    84 |   121 |   274 |   378 |       |   163 |       |       |       ||  1020
       Headbutt          |    17 |    17 |    68 |   145 |   631 |   453 |   741 |   699 |   406 ||  3177
       Flail             |       |       |     9 |       |       |       |       |       |       ||     9
       Halberd           |       |       |       |     4 |       |       |       |       |       ||     4
       Hand axe          |       |       |       |   175 |  1640 |   968 |  1767 |  1866 |   974 ||  7390
       Scimitar          |       |       |       |       |    43 |       |       |       |       ||    43
       Trident           |       |       |       |       |       |       |       |       |   105 ||   105
 Fire: Arbalest          |       |       |       |     9 |       |       |       |       |       ||     9
Throw: Stone             |       |       |       |    10 |    54 |     1 |       |       |       ||    65
       Tomahawk          |       |       |       |       |     6 |    15 |       |       |       ||    21
       Javelin           |       |       |       |       |       |    74 |    58 |   241 |    80 ||   453
 Abil: Evoke Invisibilit |       |       |       |       |     1 |       |       |       |       ||     1
       Evoke Flight      |       |       |       |       |     2 |     3 |     1 |       |       ||     6
       Evoke Blink       |       |       |       |       |       |       |       |       |     4 ||     4
Evoke: Wand              |     4 |       |       |    12 |       |       |     3 |       |    13 ||    32
       Disc of storms    |       |       |       |       |     2 |       |       |       |     1 ||     3
       Box of beasts     |       |       |       |       |     1 |       |       |       |     1 ||     2
       Deck              |       |       |       |       |       |     2 |     2 |     1 |     2 ||     7
       Lamp of fire      |       |       |       |       |       |       |     1 |     4 |     4 ||     9
       Sack of spiders   |       |       |       |       |       |       |     1 |     2 |       ||     3
       Phial of floods   |       |       |       |       |       |       |       |     5 |     1 ||     6
       Fan of gales      |       |       |       |       |       |       |       |     3 |     4 ||     7
       Stone of tremors  |       |       |       |       |       |       |       |     2 |     4 ||     6
  Use: Scroll            |     8 |     6 |     9 |     7 |    32 |     4 |    21 |     8 |    15 ||   110
       Potion            |       |       |       |     1 |     5 |     1 |    10 |       |     4 ||    21
 Stab: Paralysed         |       |       |     1 |       |     2 |     4 |     1 |       |       ||     8
       Distracted        |       |       |       |     3 |     2 |     2 |     7 |     6 |     6 ||    26
       Sleeping          |       |       |       |     1 |       |       |       |       |       ||     1
       Confused          |       |       |       |     1 |     6 |    14 |    19 |    11 |     3 ||    54
       Petrifying        |       |       |       |       |     2 |       |     3 |       |       ||     5
       Petrified         |       |       |       |       |     2 |       |     2 |       |       ||     4
       Invisible         |       |       |       |       |       |     8 |     9 |     6 |       ||    23
  Eat: Chunk             |     2 |     3 |     3 |       |    51 |    15 |     9 |    33 |     2 ||   118
       Meat ration       |       |     1 |       |     1 |     1 |       |       |       |       ||     3
       Beef jerky        |       |       |     1 |     4 |     4 |     1 |     1 |     1 |       ||    12
       Pizza             |       |       |     1 |     1 |     4 |       |     1 |     2 |       ||     9
       Bread ration      |       |       |     1 |       |     5 |     2 |     3 |     1 |     5 ||    17
       Royal jelly       |       |       |       |     1 |       |       |       |     3 |       ||     4
       Fruit             |       |       |       |     4 |    27 |     9 |    12 |     1 |       ||    53
Armor: Scale mail        |    33 |    37 |    53 |       |   271 |       |       |       |       ||   394
       Plate armour      |       |       |    15 |   168 |   107 |       |       |       |       ||   290
       Crystal plate arm |       |       |       |       |    57 |   487 |   557 |   391 |   454 ||  1946
Dodge: Dodged            |    21 |    34 |    65 |   108 |   417 |   294 |   253 |   154 |   215 ||  1561
Block: Shield            |    54 |    81 |   185 |   371 |  1038 |   852 |       |       |       ||  2581
       Reflection        |     3 |     1 |     8 |    25 |    28 |   127 |    47 |   162 |    40 ||   441
       Other             |       |       |       |     1 |       |       |     3 |     2 |       ||     6
       Large shield      |       |       |       |       |       |   252 |  1654 |  1429 |  1101 ||  4436
